 Dungeon Crawl Stone Soup version 0.21.1-1-g345015fe64 (webtiles) character file.

42 Roikka the Skirmisher (level 3, -3/33 HPs)
             Began as a Minotaur Fighter on July 17, 2018.
             Was an Initiate of Okawaru.
             Killed from afar by Loge's ghost (15 damage)
             ... with a flame tongue
             ... on level 3 of the Dungeon.
             The game lasted 00:05:39 (1641 turns).

Roikka the Skirmisher (Minotaur Fighter)            Turns: 1641, Time: 00:05:40

Health: -3/33      AC:  7    Str: 21    XL:     3   Next: 33%
Magic:  2/2        EV:  7    Int:  5    God:    Okawaru [......]
Gold:   57         SH:  9    Dex:  9    Spells: 2/2 levels left

rFire    . . .     SeeInvis .   a - +0 flail
rCold    . . .     Gourm    .   c - +0 shield
rNeg     + . .     Faith    .   e - +0 scale mail
rPois    .         Spirit   .   (helmet restricted)
rElec    .         Reflect  .   (no cloak)
rCorr    .         Harm     .   (no gloves)
MR       .....                  (no boots)
Stlth    ..........             (no amulet)
HPRegen  0.11/turn              i - ring of positive energy
MPRegen  0.08/turn              (no ring)

@: lethally poisoned (-3 -> -36)
A: retaliatory headbutt, horns 2
a: Renounce Religion


You were on level 3 of the Dungeon.
You worshipped Okawaru.
Okawaru was noncommittal.
You were not hungry.

You visited 1 branch of the dungeon, and saw 3 of its levels.

You collected 57 gold pieces.

Inventory:

Hand Weapons
 a - a +0 flail (weapon)
 b - a +0 hunting sling
Missiles
 h - 36 sling bullets
Armour
 c - a +0 shield (worn)
 e - a +0 scale mail (worn)
Jewellery
 i - a ring of positive energy (left hand)
Scrolls
 k - 2 scrolls of blinking {unknown}
 l - 3 scrolls of teleportation {unknown}
 m - a scroll of noise {unknown}
 o - a scroll of immolation {unknown}
 p - a scroll of enchant weapon {unknown}
 q - 3 scrolls of remove curse {unknown}
 s - a scroll of fog {unknown}
Potions
 d - a potion of might
 j - a potion of resistance {unknown}
 n - 3 potions of curing {unknown}
 r - a potion of cancellation {unknown}
Comestibles
 f - 6 rations
 g - a chunk of flesh


   Skills:
 * Level 4.1 Fighting
 * Level 3.0 Maces & Flails
 + Level 1.1 Slings
 + Level 4.0 Armour
 + Level 4.0 Shields


You had 2 spell levels left.
You didn't know any spells.

Dungeon Overview and Level Annotations

Branches:
Dungeon (3/15)

Altars:
Okawaru
Ru

Annotations:
D:2 Sigmund
D:3 Loge's ghost, amateur DEFE


Innate Abilities, Weirdness & Mutations

You reflexively headbutt those who attack you in melee.
You have a pair of horns on your head.


Message History

Loge's ghost is moderately damaged.
You feel sick. You block Loge's ghost's attack.
Loge's ghost whispers, "The ORB doesn't exist."
Loge's ghost hits you but does no damage.
You are more poisoned.
You barely miss Loge's ghost. Your headbutt misses Loge's ghost.
Loge's ghost is moderately damaged.
You feel sick. You block Loge's ghost's attack.
You closely miss Loge's ghost. Your headbutt misses Loge's ghost.
Loge's ghost is moderately damaged.
You feel sick. Loge's ghost hits you.
You are lethally poisoned!
Loge's ghost hits you.
You are more poisoned.
You miss Loge's ghost.
Loge's ghost is moderately damaged.
You feel very sick.
Loge's ghost gestures at you while chanting.
The flame tongue hits you!
You die...

#...........#
#.######.######.
#.##...W........
#.##............ ....
#.##............ .....#+#
#.##............
....#.###.##............
#####.........##(...........
#......#.....@W(............
#......#....................
#......#...................
#..................######
#................### .
#................# ..
####..##.........#
...####..##.........#
.........#######+####


You could see Loge's ghost.

Vanquished Creatures
  An adder (D:2)
  An ooze (D:2)
  A worm (D:2)
  A dart slug (D:1)
  A leopard gecko (D:1)
  2 giant cockroaches
  2 goblins
  A hobgoblin (D:1)
  2 kobolds
  A quokka (D:2)
  6 bats
  A frilled lizard (D:1)
  A leopard gecko skeleton (D:3)
  3 rats
24 creatures vanquished.

Notes
Turn   | Place    | Note
-------+----------+-------------------------------------------
     0 | D:1      | Roikka the Minotaur Fighter began the quest for the Orb.
     0 | D:1      | Reached XP level 1. HP: 19/19 MP: 0/0
   434 | D:1      | Reached XP level 2. HP: 27/27 MP: 1/1
   927 | D:2      | Found an iron altar of Okawaru.
   935 | D:2      | Became a worshipper of Warmaster Okawaru
   943 | D:2      | Noticed Sigmund
  1324 | D:2      | Reached skill level 1 in Slings
  1331 | D:2      | Reached XP level 3. HP: 24/33 MP: 2/2
  1614 | D:3      | Found a sacrificial altar of Ru.
  1617 | D:3      | Noticed Loge's ghost (amateur DEFE)
  1641 | D:3      | Killed from afar by Loge's ghost

Skill      XL: |  1  2  3 |
---------------+----------+-----
Slings         | 1 |  1.1
Armour         | 4 |  4.0
Shields        | 4 |  4.0
Fighting       | 4 |  4.1
Maces & Flails | 3 |  3.0

Action                   || total
-------------------------++-------
Melee: Flail             ||    69
       Headbutt          ||     4
 Fire: Hunting sling     ||    16
  Use: Scroll            ||     1
  Eat: Chunk             ||     2
Armor: Scale mail        ||    37
Dodge: Dodged            ||    30
Block: Shield            ||    41
